 Dungeon Crawl Stone Soup version 0.25.1-2-g60ff931df9 (webtiles) character file.

Game seed: 5473587764980550398

6167 rlgrobin the Spear-Bearer (level 11, 0/83 HPs)
             Began as a Formicid Hunter on Aug 19, 2020.
             Was a Plaything of Xom.
             Slain by a death yak (24 damage)
             ... on level 8 of the Dungeon.
             The game lasted 00:28:55 (8398 turns).

rlgrobin the Spear-Bearer (Formicid Hunter)         Turns: 8398, Time: 00:28:55

Health: 0/83       AC:  8    Str: 16 (17) XL:     11   Next: 13%
Magic:  11/11      EV:  7    Int: 12 (13) God:    Xom [..*...]
Gold:   401        SH: 12    Dex: 18      Spells: 10/10 levels left

rFire    . . .     SeeInvis +   e - +6 halberd (chaos)
rCold    . . .     Gourm    .   t - +0 kite shield (curse)
rNeg     . . .     Faith    .   r - +0 scale mail
rPois    .         Spirit   .   (helmet unavailable)
rElec    .         Reflect  +   i - +2 cloak
rCorr    +         Harm     .   j - +1 pair of gloves
MR       +....                  (no boots)
Stlth    +.........             w - amulet of reflection
HPRegen  0.23/turn              p - +6 ring of dexterity
MPRegen  0.12/turn              n - ring of resist corrosion

@: no status effects
A: permanent stasis, dig shafts and tunnels, four strong arms, antennae 3,
clever 1, deformed body, deterioration 1, weak 1
a: Dig, Shaft Self, Renounce Religion


You were on level 8 of the Dungeon.
You worshipped Xom.
You were a toy of Xom.
You were not hungry.

You visited 1 branch of the dungeon, and saw 9 of its levels.

You collected 401 gold pieces.

Inventory:

Hand Weapons
 a - a +1 hand crossbow
 e - a +6 halberd of chaos (weapon)
Missiles
 d - 64 bolts
 o - 14 poisoned darts (quivered)
 u - 7 atropa-tipped darts
Armour
 g - a +0 tower shield
 i - a +2 cloak (worn)
 j - a +1 pair of gloves (worn)
 r - a +0 scale mail (worn)
 t - a cursed +0 kite shield (worn)
 z - the cursed +1 robe of Ibapoll {SInv, unknown}
   (You found it on level 8 of the Dungeon)

   It lets you see invisible.
   It has a curse placed upon it.
Jewellery
 n - a ring of resist corrosion (right hand)
 p - a +6 ring of dexterity (left hand)
 w - an amulet of reflection (around neck)
Scrolls
 h - 3 scrolls of identify
 l - 4 scrolls of immolation
 q - a scroll of fog
 s - 3 scrolls of brand weapon
 x - a scroll of magic mapping
 y - a scroll of enchant armour {unknown}
 A - a scroll of remove curse
 C - a scroll of fear
Potions
 b - a potion of resistance {unknown}
 c - 2 potions of cancellation
 k - 6 potions of curing
 v - 3 potions of flight {unknown}
Comestibles
 f - 16 rations
 B - 2 chunks of flesh


   Skills:
 - Level 6.5 Fighting
 + Level 13.1 Polearms
 - Level 7.7 Crossbows
 - Level 1.7 Dodging
 - Level 1.2 Stealth


You had 10 spell levels left.
You didn't know any spells.
Your spell library contained the following spells:

 Spells                   Type           Power        Failure   Level  Hunger
 Sublimation of Blood     Necr           #.........   100%        2    ###....
 Ignite Poison            Fire/Tmut/Pois #.......     100%        3    ####...
 Petrify                  Tmut/Erth      #.......     100%        4    #####..
 Alistair's Intoxication  Tmut/Pois      #.......     100%        5    ######.
 Irradiate                Conj/Tmut      #.........   100%        5    ######.
 Eringya's Noxious Bog    Tmut/Pois      #.........   100%        6    #######


Dungeon Overview and Level Annotations

Branches:
Dungeon (9/15)             Temple (0/1) D:6            Lair (0/6) D:9
    Orc: D:9-12

Altars:
Ashenzari
Cheibriados
Fedhas
Kikubaaqudgha
Nemelex Xobeh
Okawaru
Uskayaw
Wu Jian
Xom
Yredelemnul

Shops:
D:4 (

Annotations:
D:3 1 runed translucent door, ZZKoverts's ghost, amateur HaHu


Innate Abilities, Weirdness & Mutations

You cannot be hasted, slowed, berserked, paralysed or teleported.
You can dig through walls and to a lower floor.
Your four strong arms can wield two-handed weapons with a shield.
You have a pair of large antennae on your head. (SInv)
Your mind is acute. (Int +2)
Armour fits poorly on your strangely shaped body.
Your body sometimes deteriorates upon taking damage.
You are weak. (Str -2)


Message History

You hit the death yak but do no damage.
The death yak is heavily wounded.
The death yak gores you!
* * * LOW HITPOINT WARNING * * *
You feel much better. The death yak gores you!!
* * * LOW HITPOINT WARNING * * *
Your body deteriorates!
You feel weakened. "Over there now!"
The death yak blinks!
You see here a +0 mace.
Some of the chunks of flesh in your inventory have rotted away.
The death yak snorts and paws the ground.
Xom opens a gate.
Your iron imp barely misses the death yak.
Are you sure you want to shaft yourself?
You feel somewhat more hungry. You block the death yak's attack.
You begin to dig a shaft.
You continue digging a shaft.
The death yak gores you!!
You die...
Xom snickers!

.###..#..###.###....##
.....###...........##
....##
#..........#####
###.##
#.###..........# #..#
#.# #.########.# ##.#
#.# #.#.....5#.# #>#
#.# #.#.####.#)#
#.###.###.#.#<.#.#.#
#..>......#.#@Y5.#.#
#.....#####.######.#
##...## #........#
##### ##########


You could see a death yak and a friendly iron imp (summoned).

Vanquished Creatures
  A two-headed ogre (D:8)
  A catoblepas (D:8)
  A death yak (D:9)
  An ugly thing (D:8)
  A gargoyle (D:8)
  A slime creature (D:8)
  A hippogriff (D:7)
  A wraith (D:8)
  Duvessa (D:6)
  3 ice beasts
  2 sky beasts
  A phantom (D:6)
  An orc warrior (D:7)
  A black bear (D:6)
  2 centaurs
  5 ogres
  A big kobold (D:7)
  6 bullfrogs
  Dowan (D:6)
  2 scorpions
  2 howler monkeys
  3 crimson imps
  A bullfrog zombie (D:7)
  4 orc priests
  2 jellies
  3 hounds
  5 orc wizards
  A bullfrog skeleton (D:4)
  Natasha (twice) (D:2)
  2 worker ants
  A killer bee zombie (D:8)
  A hound skeleton (D:8)
  A hound zombie (D:8)
  4 adders
  6 gnolls
  2 shadow imps
  2 oozes
  A worm (D:3)
  4 leopard geckos
  39 orcs
  4 bats
  2 giant cockroaches
  7 goblins
  7 hobgoblins
  2 quokkas
  A ball python (D:2)
  6 frilled lizards
  14 kobolds
  A leopard gecko skeleton (D:4)
  10 rats
174 creatures vanquished.

Vanquished Creatures (collateral kills)
  A phantom (D:7)
  An orc priest (D:6)
  An orc wizard (D:6)
  A worker ant (D:4)
4 creatures vanquished.

Grand Total: 178 creatures vanquished

Notes
Turn   | Place    | Note
-------+----------+-------------------------------------------
     0 | D:1      | rlgrobin the Formicid Hunter began the quest for the Orb.
     0 | D:1      | Reached XP level 1. HP: 16/16 MP: 1/1
   220 | D:1      | Reached XP level 2. HP: 2/23 MP: 2/2
   859 | D:1      | Reached XP level 3. HP: 24/29 MP: 3/3
  1315 | D:2      | Found a shimmering altar of Xom.
  1335 | D:2      | Became a worshipper of Xom of Chaos
  1390 | D:2      | Noticed Natasha
  1390 | D:2      | XOM: potion effect (invisibility)
  1400 | D:2      | Killed Natasha
  1400 | D:2      | Reached XP level 4. HP: 23/38 MP: 4/4
  1473 | D:2      | Noticed Natasha
  1628 | D:2      | Killed Natasha
  1628 | D:2      | Reached skill level 5 in Fighting
  1680 | D:3      | You fall into a shaft and drop 2 floors!
  1680 | D:5      | Entered Level 5 of the Dungeon
  1683 | D:5      | You fall into a shaft and drop 3 floors!
  1683 | D:8      | XOM: noise
  1746 | D:8      | XOM: divination: magic mapping
  1836 | D:6      | Noticed a black bear
  1881 | D:5      | XOM: smoke on damage
  1895 | D:5      | XOM: silly message
  1903 | D:5      | Reached XP level 5. HP: 44/45 MP: 5/5
  2065 | D:5      | Noticed a centaur
  2069 | D:5      | You fall into a shaft and drop 1 floor!
  2072 | D:6      | Noticed a bullfrog
  2076 | D:6      | Killed a bullfrog
  2076 | D:6      | Reached XP level 6. HP: 53/53 MP: 6/6
  2116 | D:6      | XOM: noise
  2124 | D:6      | Reached skill level 5 in Crossbows
  2195 | D:6      | Noticed an ogre
  2215 | D:6      | Killed an ogre
  2215 | D:6      | Reached XP level 7. HP: 59/59 MP: 7/7
  2443 | D:6      | Found a staircase to the Ecumenical Temple.
  2469 | D:6      | XOM: summons friendly iron imp
  2493 | D:5      | XOM: divination: magic mapping
  2582 | D:5      | Found a sparkling altar of Nemelex Xobeh.
  2657 | D:5      | Reached XP level 8. HP: 45/65 MP: 8/8
  2853 | D:5      | XOM: god gift: glowing halberd {god gift}
  3303 | D:4      | Reached skill level 1 in Polearms
  3329 | D:4      | Found Oplaaciz's Weapon Emporium.
  3356 | D:4      | XOM: scenery: create altars
  3360 | D:4      | XOM: summons friendly shadow imp
  3392 | D:4      | Reached skill level 2 in Polearms
  3401 | D:4      | Reached skill level 3 in Polearms
  3541 | D:4      | Found a hide-covered altar of Uskayaw.
  3688 | D:4      | XOM: give mutations
  3688 | D:4      | Gained mutation: You are frail. (-10% HP) [Xom's mischief]
  3688 | D:4      | Gained mutation: You are clumsy. (Dex -2) [Xom's mischief]
  3688 | D:4      | Gained mutation: You are dopey. (Int -2) [Xom's mischief]
  3688 | D:4      | Gained mutation: You are weak. (Str -2) [Xom's mischief]
  3940 | D:3      | Found a shattered altar of Ashenzari.
  4076 | D:3      | Found an ancient bone altar of Kikubaaqudgha.
  4095 | D:3      | Reached skill level 4 in Polearms
  4329 | D:3      | Found a runed translucent door.
  4332 | D:3      | Noticed ZZKoverts's ghost (amateur HaHu)
  4849 | D:3      | XOM: give mutations
  4849 | D:3      | Lost mutation: You are dopey. (Int -2) [Xom's mischief]
  4849 | D:3      | Lost mutation: You are frail. (-10% HP) [Xom's mischief]
  4849 | D:3      | Gained mutation: Your mind is acute. (Int +2) [Xom's
                  | mischief]
  4849 | D:3      | Lost mutation: You are clumsy. (Dex -2) [Xom's mischief]
  5416 | D:6      | XOM: summons 1 hostile demon
  5468 | D:6      | XOM: god gift: metal-bound book {god gift}
  5469 | D:6      | Reached skill level 5 in Polearms
  5477 | D:6      | XOM: give mutations
  5477 | D:6      | Gained mutation: Armour fits poorly on your strangely
                  | shaped body. [Xom's mischief]
  5477 | D:6      | Gained mutation: Your body sometimes deteriorates upon
                  | taking damage. [Xom's mischief]
  5564 | D:6      | Noticed Dowan
  5566 | D:6      | Noticed Duvessa
  5568 | D:6      | Killed Dowan
  5573 | D:6      | Reached XP level 9. HP: 70/71 MP: 9/9
  5577 | D:6      | Killed Duvessa
  5577 | D:6      | Reached skill level 6 in Polearms
  5577 | D:6      | XOM: god gift: scroll of teleportation
  5779 | D:7      | XOM: enchant monster (bad)
  5787 | D:7      | XOM: noise
  5788 | D:7      | Noticed a hippogriff
  5797 | D:7      | Killed a hippogriff
  5797 | D:7      | Reached skill level 7 in Polearms
  5824 | D:7      | Reached skill level 8 in Polearms
  5835 | D:7      | Got a shimmering robe
  5837 | D:7      | Identified the +1 robe "Tur Qol" {+Inv rF+} (You found it
                  | on level 7 of the Dungeon)
  6027 | D:7      | Found a blossoming altar of Fedhas.
  6168 | D:7      | XOM: god gift: 25 gold pieces
  6187 | D:7      | Reached skill level 9 in Polearms
  6565 | D:7      | XOM: cast spell 'Summon Mana Viper'
  6765 | D:8      | Noticed a gargoyle
  6774 | D:8      | Killed a gargoyle
  6774 | D:8      | Reached XP level 10. HP: 40/77 MP: 10/10
  6893 | D:8      | XOM: silly message
  6950 | D:8      | Noticed a catoblepas
  6965 | D:8      | Killed a catoblepas
  6965 | D:8      | Reached skill level 11 in Polearms
  7168 | D:8      | XOM: god gift: potion of curing
  7182 | D:8      | Found a snail-covered altar of Cheibriados.
  7183 | D:8      | Found a basalt altar of Yredelemnul.
  7183 | D:8      | Found an ornate altar of the Wu Jian Council.
  7183 | D:8      | Found an ornate altar of the Wu Jian Council.
  7329 | D:8      | Noticed a two-headed ogre
  7338 | D:8      | Killed a two-headed ogre
  7338 | D:8      | Reached skill level 12 in Polearms
  7496 | D:8      | XOM: silly message
  7571 | D:8      | Found an iron altar of Okawaru.
  7708 | D:8      | Noticed a brown ugly thing
  7721 | D:8      | Killed a brown ugly thing
  7932 | D:8      | Noticed a manticore
  7954 | D:8      | Noticed a tengu warrior
  7955 | D:8      | Noticed a tengu warrior
  7971 | D:8      | Noticed a cyclops
  8051 | D:8      | Got a brightly glowing robe
  8104 | D:8      | Reached XP level 11. HP: 83/83 MP: 11/11
  8214 | D:9      | Found a staircase to the Lair.
  8214 | D:9      | Noticed a death yak
  8214 | D:9      | Noticed a death yak
  8323 | D:9      | XOM: summons friendly iron imp
  8332 | D:9      | Noticed a death yak
  8335 | D:9      | Killed a death yak
  8335 | D:9      | Reached skill level 13 in Polearms
  8354 | D:8      | XOM: blink monster(s)
  8392 | D:8      | XOM: summons friendly iron imp
  8398 | D:8      | Slain by a death yak

Illustrated notes

Levels and vault maps discovered:
D:1:      dpeg_arrival_yet_another_circle, layout_loops_ring,
          minmay_misc_feat_doors
D:2:      layout_rooms, xom_butterflies, uniq_natasha
D:3:      layout_basic, kiku_gazebo_garden_becter,
          ashenzari_conservatory_becter, ebering_ghost_sewer_d,
          gup_sewer_entry_bowl
D:4:      layout_rooms, eat_drink_and_be_merry_uskayaw, serial_shops,
          nicolae_shop_waterfront
D:5:      layout_loops_ring, first_ration, nemelex_xobeh_ov_fountains_minmay
D:6:      layout_loops_ring, minmay_temple_entry_overgrown, uniq_duvessa
D:7:      minmay_slanted_spiral_squares, layout_cave_pools,
          nicolae_overflow_crystal_walls, enter_bailey_3
D:8:      minmay_the_grid_octo_2x2 [minmay_the_grid_octo_shrine,
          minmay_the_grid_octo_teeth, minmay_the_grid_octo_empty,
          minmay_the_grid_octo_prize_single_spiral], layout_basic,
          lemuel_round_altar, onia_ninara_dug_in_and_dangerous
D:9:      layout_roguey, dpeg_lair_monsters, serial_shops, shop, serial_curves,
          eino_curves_02, eino_curves_02, eino_curves_02, eino_curves_04,
          uniq_pikel

Skill      XL: |  1  2  3  4  5  6  7  8  9 10 11 |
---------------+----------------------------------+-----
Fighting       | 3 4 5 6 |  6.5
Crossbows      | 5 7 |  7.7
Polearms       | 5 9 12 13 | 13.1
Dodging        | |  1.7
Stealth        | |  1.2

Action                   |  1- 3 |  4- 6 |  7- 9 | 10-12 || total
-------------------------+-------+-------+-------+-------++-------
Melee: Short sword       |   103 |    71 |    60 |       ||   234
       Halberd           |       |       |   257 |    94 ||   351
 Fire: Hand crossbow     |       |    29 |    18 |       ||    47
Throw: Dart              |       |       |       |    10 ||    10
 Abil: Shaft Self        |       |     2 |       |     1 ||     3
Evoke: Wand              |       |       |       |     1 ||     1
  Use: Scroll            |     5 |       |     9 |     2 ||    16
       Potion            |     1 |       |     1 |     1 ||     3
 Stab: Invisible         |       |     1 |       |     4 ||     5
       Confused          |       |       |     2 |     2 ||     4
       Paralysed         |       |       |     2 |       ||     2
  Eat: Chunk             |     2 |     3 |    15 |     5 ||    25
Armor: Leather armour    |     6 |       |       |       ||     6
       Chain mail        |    33 |    56 |       |       ||    89
       Scale mail        |       |     4 |    99 |    18 ||   121
Dodge: Dodged            |    34 |    37 |   123 |    13 ||   207
Block: Other             |       |       |     7 |     6 ||    13
       Reflection        |       |       |     1 |     3 ||     4
       Kite shield       |       |       |       |    21 ||    21
